 Dungeon Crawl Stone Soup version 0.26.1-11-gd32895ea62 (webtiles) character file.

Game seed: 8923092830148226975

2866 Descartes the Grappler (level 9, -4/82 HPs)
             Began as a Troll Chaos Knight on May 14, 2021.
             Was a Plaything of Xom.
             Slain by a nine-headed hydra (7 damage)
             ... on level 7 of the Dungeon.
             The game lasted 00:13:30 (5585 turns).

Descartes the Grappler (Troll Chaos Knight)         Turns: 5585, Time: 00:13:30

Health: -4/82      AC: 12    Str: 28    XL:     9   Next: 47%
Magic:  5/11       EV: 11    Int:  8    God:    Xom [....*.]
Gold:   343        SH:  0    Dex:  8    Spells: 7/12 levels left

rFire    . . .     SeeInvis .     - Unarmed
rCold    . . .     Faith    .   (no shield)
rNeg     . . .     Spirit   .   a - +2 robe
rPois    +         Reflect  .   (helmet restricted)
rElec    .         Harm     .   (no cloak)
rCorr    .         Rampage  .   (gloves unavailable)
Will     .....                  (boots unavailable)
Stlth    +.........             D - amulet of regeneration
HPRegen  1.03/turn              y - ring of poison resistance
MPRegen  0.12/turn              B - +6 ring of strength

@: no status effects
A: large, unfitting armour, claws 3, hooves 2, horns 1, molten scales 1, rugged
brown scales 1, clumsy 1, dopey 1, regeneration 1, screaming 1, shaggy fur 2,
tough skin 3, MP-powered wands, sturdy frame 1
a: Renounce Religion


You were on level 7 of the Dungeon.
You worshipped Xom.
You were a beloved toy of Xom.
You visited 1 branch of the dungeon, and saw 7 of its levels.

You collected 343 gold pieces.

Inventory:

Missiles
 b - 175 stones (quivered)
 c - 180 arrows
 f - 14 poisoned darts
 m - 30 sling bullets
 q - 8 boomerangs
 t - 36 bolts
 E - 6 curare-tipped darts
Armour
 a - a +2 robe (worn)
 w - a +0 tower shield
Jewellery
 v - an uncursed amulet of reflection
 y - a ring of poison resistance (left claw)
 B - a +6 ring of strength (right claw)
 D - an amulet of regeneration (around neck)
 G - an uncursed ring of protection from fire
Wands
 u - a wand of iceblast (9)
Scrolls
 d - 3 scrolls of teleportation
 e - a scroll of fear
 j - 2 scrolls of magic mapping
 l - 2 scrolls of identify
 x - 2 scrolls of amnesia
Potions
 g - 3 potions of heal wounds {unknown}
 h - 2 potions of might {unknown}
 i - 4 potions of lignification
 k - a potion of resistance {unknown}
 n - a potion of haste {unknown}
 o - 2 potions of mutation {unknown}
 p - 3 potions of curing
 s - a potion of invisibility
 A - a potion of brilliance {unknown}
 C - 2 potions of degeneration {unknown}


   Skills:
 - Level 2.4 Fighting
 - Level 5.0 Dodging
 + Level 2.5 Shields
 - Level 10.0 Unarmed Combat
 + Level 2.1 Spellcasting
 + Level 2.6 Translocations
 + Level 2.2 Evocations


You had 7 spell levels left.
You knew the following spells:

 Your Spells              Type           Power        Failure   Level
a - Blink                 Tloc           N/A          19%         2
b - Confusing Touch       Hex            0%           71%         3

Your spell library contained the following spells:

 Spells                   Type           Power        Failure   Level
 Corona                   Hex            0%           34%         1
 Magic Dart               Conj           0%           34%         1
 Shock                    Conj/Air       0%           34%         1
 Call Imp                 Summ           0%           47%         2
 Ensorcelled Hibernation  Hex/Ice        0%           47%         2
 Slow                     Hex            0%           47%         2
 Swiftness                Air            0%           47%         2
 Conjure Flame            Conj/Fire      0%           71%         3
 Dazzling Flash           Conj/Hex       0%           71%         3
 Mephitic Cloud           Conj/Pois/Air  0%           71%         3
 Static Discharge         Conj/Air       0%           71%         3
 Tukima's Dance           Hex            0%           71%         3
 Airstrike                Air            0%           98%         4
 Lightning Bolt           Conj/Air       0%           100%        5


Dungeon Overview and Level Annotations

Branches:
Dungeon (7/15)             Temple (0/1) D:5

Altars:
Fedhas
Hepliaklqana
Makhleb
Sif Muna
Uskayaw
Xom

Shops:
D:6 }


Innate Abilities, Weirdness & Mutations

You are too large for most types of armour.
You have claws for hands.
Your natural rate of healing is unusually fast.
You are covered in thick fur. (AC +2)
You have extremely tough skin. (AC +3)
You have hoof-like feet.
You have a pair of small horns on your head.
You are partially covered in molten scales. (AC +2)
You are partially covered in rugged brown scales. (AC +1, +3% HP)
You are clumsy. (Dex -2)
You are dopey. (Int -2)
You occasionally shout uncontrollably at your foes.
You expend magic power (3 MP) to strengthen your wands.
Your movements are slightly less encumbered by armour. (ER -2)


Message History

The nine-headed hydra is lightly wounded.
The nine-headed hydra bites you.
The nine-headed hydra completely misses you.
The nine-headed hydra bites you. x2
The nine-headed hydra closely misses you.
The nine-headed hydra barely misses you.
The nine-headed hydra bites you but does no damage. x2
The nine-headed hydra bites you!
You barely miss the nine-headed hydra.
The nine-headed hydra is lightly wounded.
The orc warrior hits you but does no damage.
The nine-headed hydra bites you. The nine-headed hydra bites you!
* * * LOW HITPOINT WARNING * * *
The nine-headed hydra misses you. The nine-headed hydra bites you!
* * * LOW HITPOINT WARNING * * *
The nine-headed hydra closely misses you.
The nine-headed hydra bites you but does no damage. x2
The nine-headed hydra bites you!
You die...
Xom giggles madly!

,,,*#.# ######........##.# #..
,, ,*#.# ** ###.#.#####.# #.. *
#...,* #.#.#####.##*##.. ,,
,.....#######.#......>#......
,* ........................#..,
,
,*,..#####.#########.#####.#.##
,
*,,,*#.......###....#..##.....
,*,,,#..#####..#.#.###.#.#...##
***,#.**,,,##@#..#..)#..#...##
* ,,,,#
*,,,,,#D###....)#.#..... ***
,,,*,, , #Zo,#.....#....#.#
,,*,*,,,,,#.#.#....†###..#>#
*,,*,* ,, #.#..#...#).#.....
*,,* ,*****..#.#.###.#.#..#.. *
,**,,, ,,.###..#,,..##.....
*,,** **,* #**####,*####.....
,,**,, *,,***,,*,,**,,#.#...


You could see a nine-headed hydra, an orc warrior and a hound skeleton.

Vanquished Creatures
  A rime drake (D:4)
  Grinder (D:4)
  Sigmund (D:3)
  A wyvern (D:7)
  2 steam dragons
  2 ice beasts (D:7)
  An orc warrior (D:7)
  A phantom (D:2)
  3 ogres
  A necrophage (D:7)
  A centaur (D:6)
  2 bullfrogs (D:7)
  A scorpion (D:5)
  A howler monkey (D:4)
  3 hounds
  4 orc priests
  2 jellies
  Ijyb (D:4)
  10 orc wizards
  4 worker ants
  A killer bee zombie (D:5)
  7 adders
  An ufetubus (D:5)
  2 oozes
  An adder skeleton (D:4)
  3 dart slugs
  3 leopard geckos
  28 orcs
  2 giant cockroaches (D:1)
  7 goblins
  7 hobgoblins
  3 iguanas
  3 jackals (D:4)
  A quokka (D:7)
  3 ball pythons
  6 bats
  5 frilled lizards
  A jackal skeleton (D:5)
  7 kobolds
  A leopard gecko zombie (D:5)
  2 quokka skeletons
  6 rats
143 creatures vanquished.

Vanquished Creatures (collateral kills)
  A jelly (D:2)
  2 bats (D:3)
  2 jackals (D:3)
  A frilled lizard (D:3)
  A jackal zombie (D:7)
7 creatures vanquished.

Grand Total: 150 creatures vanquished

Notes
Turn   | Place    | Note
-------+----------+-------------------------------------------
     0 | D:1      | Descartes the Troll Chaos Knight began the quest for the
                  | Orb.
     0 | D:1      | Reached XP level 1. HP: 22/22 MP: 0/0
   199 | D:1      | Reached XP level 2. HP: 29/29 MP: 1/1
   618 | D:1      | XOM: silly message
   772 | D:1      | Reached XP level 3. HP: 36/36 MP: 2/2
  1447 | D:2      | XOM is BORED!
  1447 | D:2      | XOM: give mutations
  1447 | D:2      | Gained mutation: You occasionally shout uncontrollably at
                  | your foes. [Xom's mischief]
  1447 | D:2      | Gained mutation: You are clumsy. (Dex -2) [Xom's mischief]
  1447 | D:2      | Gained mutation: Your movements are slightly less
                  | encumbered by armour. (ER -2) [Xom's mischief]
  1447 | D:2      | Gained mutation: You have large cloven feet. [Xom's
                  | mischief]
  1511 | D:2      | XOM: give mutations
  1511 | D:2      | Gained mutation: You are partially covered in rugged brown
                  | scales. (AC +1, +3% HP) [Xom's grace]
  1511 | D:2      | Gained mutation: You are partially covered in molten
                  | scales. (AC +2) [Xom's grace]
  1769 | D:2      | Noticed a phantom
  1780 | D:2      | Killed a phantom
  1781 | D:2      | Reached skill level 4 in Unarmed Combat
  1781 | D:2      | Reached XP level 4. HP: 45/45 MP: 3/3
  1790 | D:2      | XOM: summons 4 friendly demons
  1793 | D:2      | Reached XP level 5. HP: 46/51 MP: 4/4
  1804 | D:2      | Found a shimmering altar of Xom.
  1929 | D:2      | XOM: cloud trail
  2225 | D:3      | Noticed Sigmund
  2231 | D:3      | Killed Sigmund
  2232 | D:3      | Reached skill level 5 in Unarmed Combat
  2232 | D:3      | Reached XP level 6. HP: 60/60 MP: 5/5
  2323 | D:3      | Found a hide-covered altar of Uskayaw.
  2378 | D:3      | XOM: god gift: 16 stones
  2538 | D:3      | XOM: scenery: create altars
  2578 | D:3      | XOM: noise
  2599 | D:3      | Found a blossoming altar of Fedhas.
  2842 | D:3      | XOM: cloud trail
  2853 | D:3      | XOM: give mutation
  2853 | D:3      | Gained mutation: You expend magic power (3 MP) to
                  | strengthen your wands. [Xom's grace]
  2933 | D:3      | Found a shimmering blue altar of Sif Muna.
  3170 | D:4      | Noticed Ijyb
  3176 | D:4      | Killed Ijyb
  3197 | D:4      | Reached skill level 6 in Unarmed Combat
  3211 | D:4      | Noticed a steam dragon
  3211 | D:4      | a worm changed into a steam dragon
  3211 | D:4      | XOM: polymorph worm -> steam dragon
  3217 | D:4      | Killed a steam dragon
  3218 | D:4      | Reached skill level 5 in Dodging
  3218 | D:4      | Reached XP level 7. HP: 55/67 MP: 6/6
  3444 | D:4      | Noticed Grinder
  3460 | D:4      | Killed Grinder
  3461 | D:4      | Reached skill level 7 in Unarmed Combat
  3661 | D:4      | XOM: noise
  3910 | D:4      | Noticed Natasha
  3913 | D:4      | Noticed Natasha
  3913 | D:4      | Natasha changed into Natasha the rime drake
  3918 | D:4      | XOM: butterfly on damage
  3923 | D:4      | Killed Natasha the rime drake
  3924 | D:4      | Reached skill level 8 in Unarmed Combat
  3924 | D:4      | Reached XP level 8. HP: 20/76 MP: 1/7
  4023 | D:4      | Reached skill level 9 in Unarmed Combat
  4101 | D:5      | XOM: stealth player
  4101 | D:5      | Entered Level 5 of the Dungeon
  4129 | D:5      | XOM: confuse monster(s)
  4172 | D:5      | Learned a level 2 spell: Blink
  4219 | D:5      | XOM: cloud trail
  4230 | D:5      | Learned a level 3 spell: Confusing Touch
  4234 | D:5      | XOM: give mutations
  4234 | D:5      | Gained mutation: You are dopey. (Int -2) [Xom's mischief]
  4234 | D:5      | Gained mutation: You have a pair of small horns on your
                  | head. [Xom's mischief]
  4270 | D:5      | XOM: noise
  4272 | D:5      | XOM: confusion
  4284 | D:5      | Found a burning altar of Makhleb.
  4352 | D:5      | Reached skill level 1 in Translocations
  4419 | D:5      | Found a hazy altar of Hepliaklqana.
  4471 | D:5      | Found a staircase to the Ecumenical Temple.
  4836 | D:6      | Found Oshriteme's Gadget Emporium.
  4871 | D:6      | Reached skill level 1 in Spellcasting
  5130 | D:6      | Noticed Edmund
  5134 | D:6      | Noticed Edmund
  5134 | D:6      | Edmund changed into Edmund the steam dragon
  5139 | D:6      | Killed Edmund the steam dragon
  5140 | D:6      | Reached skill level 1 in Shields
  5140 | D:6      | Reached skill level 10 in Unarmed Combat
  5140 | D:6      | Reached skill level 1 in Evocations
  5140 | D:6      | Reached XP level 9. HP: 70/82 MP: 5/9
  5270 | D:7      | XOM: 2-stop teleportation journey
  5286 | D:7      | XOM: summons friendly shadow imp
  5368 | D:7      | XOM: divination: magic mapping
  5539 | D:7      | XOM: give mutations
  5539 | D:7      | Gained mutation: You are covered in thick fur. (AC +2)
                  | [Xom's grace]
  5539 | D:7      | Gained mutation: You have hoof-like feet. [Xom's grace]
  5550 | D:7      | XOM: enchant monster (bad)
  5579 | D:7      | Noticed a seven-headed hydra
  5585 | D:7      | HP: 3/82 [nine-headed hydra (10)]
  5585 | D:7      | Slain by a nine-headed hydra

Illustrated notes

Levels and vault maps discovered:
D:1:      dpeg_cavernosity, layout_loops_corners, serial_aquarium,
          aquarium_bridge_long_separate [aquarium_subvault_bridge,
          aquarium_subvault_window, aquarium_subvault_bridge,
          aquarium_subvault_wall, aquarium_subvault_bridge,
          aquarium_subvault_bridge], aquarium_window_corner,
          aquarium_window_corner, aquarium_view_2b, aquarium_balcony_1a,
          aquarium_pool_S
D:2:      layout_basic, dk_xom_monty_hall
D:3:      layout_basic, eat_drink_and_be_merry_uskayaw, lemuel_blue_sif_altar,
          lemuel_round_altar, kennysheep_generic_room_11, uniq_sigmund
D:4:      layout_loops_cross, minivault_19, grunt_decor_mini_mirrors,
          chequers_garden, uniq_ijyb, uniq_natasha, uniq_grinder
D:5:      layout_rooms, makhleb_heckhound_becter, nzn_hepliaklqana_mist_gate,
          minmay_temple_entry_drinking_statues
D:6:      layout_basic, serial_shops, shop_fountains, uniq_edmund
D:7:      layout_loops_cross, lemuel_coloured_pillars_altar, lemuel_round_altar,
          ebering_ghost_disaster_area, grunt_ministairs_13, minmay_the_grid_2x2
          [minmay_the_grid_spin_star, minmay_the_grid_all_tris,
          minmay_the_grid_minigrid_medium, minmay_the_grid_prize_inner_circle],
          uniq_joseph, uniq_prince_ribbit1

Skill      XL: |  1  2  3  4  5  6  7  8  9 |
---------------+----------------------------+-----
Dodging        | 2 3 4 5 |  5.0
Unarmed Combat | 4 5 6 8 10 | 10.0
Translocations | 1 2 |  2.6
Spellcasting   | 1 2 |  2.1
Shields        | 1 2 |  2.5
Evocations     | 1 2 |  2.2
Fighting       | |  2.4

Action                   |  1- 3 |  4- 6 |  7- 9 || total
-------------------------+-------+-------+-------++-------
Melee: Unarmed           |    85 |   128 |   224 ||   437
       Punch             |     1 |     3 |     5 ||     9
       Kick              |     3 |    21 |    28 ||    52
       Headbutt          |       |       |    25 ||    25
Evoke: Wand              |       |       |     5 ||     5
  Use: Scroll            |       |       |     9 ||     9
 Stab: Sleeping          |     3 |       |       ||     3
       Confused          |       |       |     2 ||     2
Armor: Robe              |    36 |    53 |    73 ||   162
Dodge: Dodged            |    43 |    73 |    84 ||   200
